 Dungeon Crawl Stone Soup version 0.29-a0-289-g2178c42546 (webtiles) character file.

Game seed: 5752053980272529979

65 Dabor the Shield-Bearer (level 4, -3/29 HPs)
             Began as a Gargoyle Fighter on Mar 17, 2022.
             Was a Believer of Lugonu.
             Slain by Sigmund
             ... wielding a +0 scythe of venom
              (10 damage)
             ... on level 3 of the Dungeon.
             The game lasted 00:01:58 (1981 turns).

Dabor the Shield-Bearer (Gargoyle Fighter)          Turns: 1981, Time: 00:01:58

Health: -3/29      AC:  9    Str: 21    XL:     4   Next: 13%
Magic:  4/4        EV: 10    Int:  7    God:    Lugonu [**....]
Gold:   89         SH:  9    Dex:  9    Spells: 3/3 levels left

rFire   . . .      SeeInvis .   a - +0 flail
rCold   . . .      Faith    .   c - +0 buckler
rNeg    + . .      Spirit   .   o - +2 leather armour of the Farmer {rElec Will+ rCorr Int-2}
rPois   ∞          Reflect  +   (no helmet)
rElec   +          Harm     .   (no cloak)
rCorr   +          Rampage  .   (no gloves)
Will    ++...                   (no boots)
Stlth   +.........              r - amulet of reflection
HPRegen 0.09/turn               w - ring of willpower
MPRegen 0.09/turn               (no ring)

@: mighty
A: sickness immunity, AC +3, negative energy resistance 1, electricity
resistance, torment resistance 1, petrification resistance
a: Renounce Religion, Depart the Abyss, Bend Space


You were on level 3 of the Dungeon.
You worshipped Lugonu.
Lugonu was pleased with you.
You visited 1 branch of the dungeon, and saw 3 of its levels.

You collected 89 gold pieces.

Inventory:

Hand Weapons
 a - a +0 flail (weapon)
Armour
 b - a +0 scale mail
 c - a +0 buckler (worn)
 o - the +2 leather armour of the Farmer (worn) {rElec Will+ rCorr Int-2}
   (You found it on level 2 of the Dungeon)

   Int:       It affects your intelligence (-2).
   rElec:     It insulates you from electricity.
   rCorr:     It protects you from acid and corrosion.
   Will:      It increases your willpower.
Jewellery
 r - an amulet of reflection (around neck)
 w - a ring of willpower (left hand)
Scrolls
 e - a scroll of noise
 g - a scroll of fear
 i - 2 scrolls of identify {unknown}
 j - a scroll of fog {unknown}
 m - a scroll of holy word {unknown}
 n - a scroll of silence {unknown}
 q - a scroll of teleportation {unknown}
 s - a scroll of enchant armour {unknown}
 v - a scroll of summoning {unknown}
Potions
 d - a potion of might
 f - a potion of lignification {unknown}
 h - a potion of haste {unknown}
 k - 3 potions of curing {unknown}
 l - a potion of degeneration {unknown}
 p - 2 potions of mutation {unknown}
 t - a potion of brilliance {unknown}
 u - a potion of invisibility {unknown}


   Skills:
 + Level 3.9 Fighting
 + Level 2.7 Maces & Flails
 + Level 3.9 Armour
 + Level 3.9 Shields


You had 3 spell levels left.
You didn't know any spells.
Your spell library was empty.

Dungeon Overview and Level Annotations

Branches:
Dungeon (3/15)

Altars:
Trog
Lugonu

Shops:
D:1 [

Annotations:
D:3 Sigmund


Innate Abilities, Weirdness & Mutations

You are immune to sickness and miasma.
Your stone body is resilient. (AC +3)
You are immune to poison.
You resist negative energy. (rN+)
You are resistant to electric shocks. (rElec)
You are resistant to unholy torment.
You are immune to petrification.


Message History

Something tries to affect you, but you resist.
You hit the kobold.
You kill the kobold!
Lugonu accepts your kill.
You hear some strange, mumbled words.
A puff of flame appears from out of thin air!
The puff of flame misses you.
No target in view!
No target in view!
Something hits you but does no damage.
You barely miss something. Something hits you.
You thump something! Something hits you.
You miss something. Something hits you but does no damage.
You barely miss something.
A giant cockroach comes into view.
Something hits you but does no damage.
You barely miss something. You barely miss something. Something hits you.
You miss something. Something hits you.
You miss something. You block something's attack.
You sock something! You block the giant cockroach's attack.
You hear some strange, mumbled words.
A magic dart appears from out of thin air!
The magic dart hits you. The giant cockroach barely misses you.
You closely miss something. You block something's attack.
The giant cockroach completely misses you.
You barely miss the giant cockroach. The giant cockroach barely misses you.
Something hits you.
* * * LOW HITPOINT WARNING * * *
The giant cockroach bites you.
* * * LOW HITPOINT WARNING * * *
You barely miss the giant cockroach.
Sigmund appears from thin air!
Reactivating autopickup.
The giant cockroach barely misses you. Sigmund barely misses you.
You block the giant cockroach's attack.
You completely miss Sigmund.
Sigmund is almost dead.
The giant cockroach completely misses you.
Sigmund hits you with a +0 scythe of venom!
You die...

## .. .## ## .. ... .
.#... #.### ###@#.####
..S.##<@.......
####..#.#B#.####
........).>....
..###.#.#..#### #...#..#
##..#..# #.# .# .#
#..#..####.# #.#..#
##)#.....#.###.#..#
#.#####..#†............#


You could see Sigmund and a giant cockroach.

Vanquished Creatures
  An adder (D:2)
  5 worms
  3 dart slugs
  4 bats
  2 endoplasms (D:1)
  A giant cockroach (D:1)
  4 goblins
  2 hobgoblins
  2 quokkas
  5 ball pythons
  3 frilled lizards
  2 kobolds
  2 rats
36 creatures vanquished.

Notes
Turn   | Place    | Note
-------+----------+-------------------------------------------
     0 | D:1      | Dabor the Gargoyle Fighter began the quest for the Orb.
     0 | D:1      | Reached XP level 1. HP: 14/14 MP: 1/1
   266 | D:1      | Reached XP level 2. HP: 19/19 MP: 2/2
   388 | D:1      | Found Don Ruceo's Armour Shop.
   676 | D:1      | Found a faded altar of an unknown god.
   681 | D:1      | Prayed at the altar of an unknown god.
   681 | D:1      | Became a worshipper of Lugonu the Unformed
   681 | D:1      | Reached * piety under Lugonu
   681 | D:1      | Reached ** piety under Lugonu
   954 | D:2      | Identified the +2 leather armour of the Farmer {rElec Will+
                  | rCorr Int-2}
   967 | D:2      | Reached XP level 3. HP: 15/23 MP: 3/3
  1514 | D:2      | Found a bloodstained altar of Trog.
  1857 | D:3      | Reached XP level 4. HP: 29/29 MP: 4/4
  1943 | D:3      | Noticed Sigmund
  1981 | D:3      | Slain by Sigmund

Illustrated notes

Levels and vault maps discovered:
D:1:      tarquinn_simple_flora_water_d, layout_loops_cross,
          shapermc_ecumenical_altar_petra, serial_shops, shop,
          corexii_corridor_pit, hex_medium
D:2:      layout_rooms, basic_altar
D:3:      layout_basic, kennysheep_jessica_study, uniq_sigmund

Action                   |  1- 3 |  4- 6 || total
-------------------------+-------+-------++-------
Melee: Flail             |   115 |    31 ||   146
  Use: Scroll            |       |     2 ||     2
       Potion            |       |     1 ||     1
Armor: Scale mail        |    27 |       ||    27
       Leather armour    |    17 |    14 ||    31
Dodge: Dodged            |    50 |    15 ||    65
Block: Buckler           |    29 |    17 ||    46
       Reflection        |     2 |       ||     2

Table legend: (Time is in decaauts)
 A = Elapsed time spent in this place.
 B = Non-inter-level travel time spent in this place.
 C = Inter-level travel time spent in this place.
 D = Time resting spent in this place.
 E = Time spent auto-exploring this place.
 F = Levels seen in this place.
 G = Mean time per level.
                   A        B        C        D        E       F      G
               +--------+--------+--------+--------+--------+-----+--------+
         Total |   2027 |   2002 |     25 |      0 |   1634 |   3 |  675.7 |
       Dungeon |   2027 |   2002 |     25 |      0 |   1634 |   3 |  675.7 |
               +--------+--------+--------+--------+--------+-----+--------+

Top non-repeatable levels by time:
     D:1: 966 daAuts
     D:2: 658 daAuts
     D:3: 402 daAuts
